 Dungeon Crawl Stone Soup version 0.25.1-2-g60ff931df9 (webtiles) character file.

Game seed: 15665957204218669974

4521 Qrupt the Covert (level 10, -12/68 HPs)
             Began as an Octopode Venom Mage on Oct 31, 2020.
             Was a Priest of Vehumet.
             Mangled by a yak (15 damage)
             ... on level 8 of the Dungeon on Nov 1, 2020.
             The game lasted 00:28:31 (10580 turns).

Qrupt the Covert (Octopode Venom Mage)             Turns: 10580, Time: 00:28:31

Health: -12/68     AC:  1    Str:  7      XL:     10   Next: 39%
Magic:  20/28      EV: 15    Int: 21      God:    Vehumet [***...]
Gold:   497        SH:  0    Dex:  8 (13) Spells: 12/21 levels left

rFire    + . .     SeeInvis .   y - +9 staff of Olgreb {rPois∞}
rCold    . . .     Gourm    .   (no shield)
rNeg     + . .     Faith    .   (helmet restricted)
rPois    ∞         Spirit   .   (no amulet)
rElec    .         Reflect  .   c - ring of resist corrosion
rCorr    +         Harm     .   p - ring of magical power
MR       .....                  t - ring of positive energy
Stlth    +++++.....             i - ring of poison resistance
HPRegen  0.21/turn              w - ring of protection from fire
MPRegen  0.21/turn              (no ring)
                                (no ring)
                                (no ring)

@: no status effects
A: almost no armour, stealthy swim, amphibious, 8 rings, constrict 8, camouflage
1, gelatinous body 1
a: Renounce Religion


You were on level 8 of the Dungeon.
You worshipped Vehumet.
Vehumet was most pleased with you.
You were not hungry.

You visited 2 branches of the dungeon, and saw 10 of its levels.

You collected 497 gold pieces.

Inventory:

Hand Weapons
 m - a +4 hunting sling
 r - a +2 mace of venom
 y - the +9 staff of Olgreb (weapon) {rPois∞}
   (You found it on level 6 of the Dungeon)

   It grants immunity to poison.
Jewellery
 c - a ring of resist corrosion (left tentacle)
 i - a ring of poison resistance (on tentacle)
 p - a ring of magical power (right tentacle)
 t - a ring of positive energy (on tentacle)
 w - a ring of protection from fire (on tentacle)
 E - a +6 ring of strength {unknown}
 F - the amulet "Uxzufukk" {Reflect MR+ SH+5, unknown}
   (You found it on level 7 of the Dungeon)

   [amulet of reflection]

   It shields you and reflects attacks.
   It affects your resistance to hostile enchantments.
   It affects your SH (+5).
Scrolls
 a - 9 scrolls of remove curse
 d - a scroll of identify
 f - 8 scrolls of teleportation
 g - 5 scrolls of enchant armour
 h - a scroll of blinking {unknown}
 k - a scroll of enchant weapon {unknown}
 s - 3 scrolls of fear {unknown}
 u - a scroll of noise {unknown}
 v - 2 scrolls of fog {unknown}
 B - a scroll of magic mapping {unknown}
 G - a scroll of silence {unknown}
 I - a scroll of acquirement {unknown}
Potions
 e - 2 potions of resistance
 j - 3 potions of curing
 l - a potion of brilliance {unknown}
 n - a potion of flight {unknown}
 o - 3 potions of haste
 q - a potion of degeneration {unknown}
 x - a potion of magic {unknown}
 z - 2 potions of might {unknown}
 A - a potion of cancellation {unknown}
 C - a potion of berserk rage {unknown}
 H - 2 potions of heal wounds
Comestibles
 b - 23 rations
 D - 3 chunks of flesh


   Skills:
 + Level 6.1 Fighting
 + Level 6.6 Dodging
 + Level 9.4 Stealth
 + Level 6.0 Spellcasting
 - Level 3.0 Conjurations
 - Level 1.5 Transmutations
 - Level 3.0 Air Magic
 + Level 8.4 Poison Magic


You had 12 spell levels left.
You knew the following spells:

 Your Spells              Type           Power        Failure   Level  Hunger
a - Sting                 Tmut/Pois      ####         1%          1    None
b - Poisonous Vapours     Pois/Air       #####.       1%          2    None
c - Mephitic Cloud        Conj/Pois/Air  #####...     1%          3    ##.....
d - Ignite Poison         Fire/Tmut/Pois ####....     2%          3    ##.....

Your spell library contained the following spells:

 Spells                   Type           Power        Failure   Level  Hunger
 Frozen Ramparts          Ice            #.....       8%          3    ##.....
 Olgreb's Toxic Radiance  Pois           ######..     1%          4    ####...
 Spider Form              Tmut/Pois      #####.....   3%          3    ##.....
 Beastly Appendage        Tmut           ##....       5%          1    None
 Sticks to Snakes         Tmut           ##......     8%          2    None
 Summon Small Mammal      Summ           #...         10%         1    None
 Call Imp                 Summ           #.......     14%         2    None
 Call Canine Familiar     Summ           #.......     28%         3    ##.....
 Summon Guardian Golem    Hex/Summ       #.......     28%         3    ##.....
 Summon Lightning Spire   Summ/Air       ##......     45%         4    ####...
 Ice Form                 Ice/Tmut       #.......     56%         4    ####...
 Summon Ice Beast         Ice/Summ       #.......     67%         4    ####...
 Blade Hands              Tmut           ##........   82%         5    #####..


Dungeon Overview and Level Annotations

Branches:
Dungeon (9/15)             Temple (1/1) D:5             Orc (0/2) D:9
   Lair: D:8-11

Altars:
Ashenzari
Cheibriados
Dithmenos
Elyvilon
Fedhas
Gozag
Hepliaklqana
Kikubaaqudgha
Makhleb
Nemelex Xobeh
Okawaru
Qazlal
Ru
Sif Muna
Trog
Uskayaw
Vehumet
Xom
Yredelemnul
Zin
The Shining One

Shops:
D:6 *   D:9 (

Annotations:
D:6 1 runed translucent door


Innate Abilities, Weirdness & Mutations

You cannot wear most types of armour.
You are very stealthy in the water. (Stealth+)
You are amphibious.
You can wear up to eight rings at the same time.
You can use your tentacles to constrict eight enemies at once.
Your skin changes colour to match your surroundings (Stealth+).
Your rubbery body absorbs attacks. (AC +1, EV +1)


Message History

* * * LOW HITPOINT WARNING * * *
Casting: Ignite Poison (dangerous; 2% risk of failure)
Confirm with . or Enter, or press ? or * to list all spells.
Aiming: Sting (safe; 1% risk of failure)
Press: ? - help, Shift-Dir - straight line, f/p - yak
Aim: a yak (severely wounded)
You feel a surge of power!
The sting hits the yak.
The yak is poisoned.
The yak is severely wounded.
The yak closely misses you.
Casting: Sting (safe; 1% risk of failure)
Confirm with . or Enter, or press ? or * to list all spells.
Aiming: Sting (safe; 1% risk of failure)
Press: ? - help, Shift-Dir - straight line, f/p - yak
Aim: a yak (almost dead, poisoned)
You feel a surge of power!
The sting hits the yak.
The yak looks even sicker.
The yak is almost dead.
The yak gores you!
* * * LOW HITPOINT WARNING * * *
The yak gores you!
You die...

###### .....###### ..........#
####.####.# #.####.# #......#
####..###.# ### ...#..#
#.########.########## ..###.#
#.......@Y.Y........# ..#E#.#
#.###.##.....######.#
..###.###.###.........# #.#
...............#.....## #.#
_.....###.###..##...## #.#
......# #.#........## #Y#
..###.# #.#.#..###.# ##)#
..#E#.###.#.#..###.#######.>###
..###................<........#


You could see 2 yaks.

Vanquished Creatures
  A hornet (D:8)
  A hippogriff (D:9)
  Sigmund (D:2)
  A hog (D:7)
  6 yaks
  A human (D:7)
  3 soldier ants (D:6)
  A water moccasin (D:6)
  3 sky beasts
  A necrophage (D:8)
  5 bullfrogs
  A gnoll sergeant (D:8)
  10 killer bees
  2 scorpions
  A howler monkey (D:6)
  A centaur zombie (D:7)
  A crimson imp (D:5)
  A quasit (D:8)
  4 hounds
  3 bullfrog skeletons
  An orc priest (D:7)
  Crazy Yiuf (D:3)
  4 jellies
  3 orc wizards
  Jessica (D:3)
  12 worker ants
  An iguana (D:8)
  Terence (D:3)
  2 hound skeletons
  A worker ant zombie (D:6)
  3 gnolls (D:8)
  13 adders
  An ooze (D:2)
  2 adder zombies
  4 worms
  An adder skeleton (D:9)
  4 dart slugs
  9 leopard geckos
  26 orcs
  3 ball pythons
  4 giant cockroaches
  5 hobgoblins
  8 jackals (D:5)
  5 quokkas
  7 bats
  7 frilled lizards
  A giant cockroach zombie (D:5)
  11 goblins
  12 kobolds
  A leopard gecko skeleton (D:7)
  A leopard gecko zombie (D:5)
  A quokka skeleton (D:4)
  A quokka zombie (D:5)
  7 rats
212 creatures vanquished.

Notes
Turn   | Place    | Note
-------+----------+-------------------------------------------
     0 | D:1      | Qrupt the Octopode Venom Mage began the quest for the Orb.
     0 | D:1      | Reached XP level 1. HP: 11/11 MP: 3/3
   389 | D:1      | Reached XP level 2. HP: 17/17 MP: 3/5
   471 | D:1      | Reached skill level 3 in Stealth
  1197 | D:2      | Reached XP level 3. HP: 19/21 MP: 2/6
  1597 | D:2      | Noticed Sigmund
  1649 | D:2      | Reached XP level 4. HP: 17/27 MP: 4/7
  2325 | D:2      | Found a snail-covered altar of Cheibriados.
  2366 | D:2      | Learned a level 2 spell: Poisonous Vapours
  2400 | D:2      | Killed Sigmund
  2400 | D:2      | Reached skill level 1 in Fighting
  2400 | D:2      | Reached skill level 4 in Stealth
  2400 | D:2      | Reached XP level 5. HP: 20/34 MP: 1/9
  2400 | D:2      | Reached XP level 6. HP: 23/39 MP: 1/10
  2556 | D:3      | Learned a level 3 spell: Mephitic Cloud
  2561 | D:3      | Learned a level 3 spell: Ignite Poison
  2823 | D:3      | Found a sacrificial altar of Ru.
  2905 | D:3      | Found a runed translucent door.
  2906 | D:3      | Noticed Crazy Yiuf
  2935 | D:3      | Noticed Terence
  2943 | D:3      | Killed Terence
  3248 | D:3      | Noticed Jessica
  3254 | D:3      | Killed Jessica
  3254 | D:3      | Reached skill level 5 in Stealth
  3254 | D:3      | Reached skill level 5 in Poison Magic
  3949 | D:3      | Killed Crazy Yiuf
  4148 | D:4      | Reached skill level 1 in Air Magic
  4298 | D:4      | Reached XP level 7. HP: 45/45 MP: 12/12
  4463 | D:4      | Found a shattered altar of Ashenzari.
  4918 | D:5      | Entered Level 5 of the Dungeon
  5168 | D:5      | Found a staircase to the Ecumenical Temple.
  5202 | Temple   | Entered the Ecumenical Temple
  5243 | Temple   | Became a worshipper of Vehumet
  5306 | D:5      | Reached skill level 1 in Conjurations
  5420 | D:5      | You fall into a shaft and drop 2 floors!
  5534 | D:7      | Found a shimmering blue altar of Sif Muna.
  5535 | D:7      | Found a basalt altar of Yredelemnul.
  5970 | D:6      | Reached skill level 6 in Stealth
  5970 | D:6      | Reached XP level 8. HP: 52/52 MP: 13/13
  6085 | D:6      | Found a hide-covered altar of Uskayaw.
  6093 | D:6      | Found a sparkling altar of Nemelex Xobeh.
  6211 | D:6      | Found the +9 staff of Olgreb {rPois∞}
  6216 | D:6      | Found a runed translucent door.
  6221 | D:6      | Found a runed translucent gate.
  6222 | D:6      | Found a runed translucent door.
  6248 | D:6      | Found Gozag's Platinum Reserve.
  6251 | D:6      | Found an opulent altar of Gozag.
  6537 | D:6      | Found a runed translucent gate.
  6539 | D:6      | Found a runed translucent gate.
  6875 | D:6      | Reached * piety under Vehumet
  6875 | D:6      | Offered knowledge of Sandblast by Vehumet.
  7596 | D:6      | Reached skill level 7 in Stealth
  7596 | D:6      | Reached XP level 9. HP: 38/58 MP: 15/15
  7752 | D:6      | Offered knowledge of Searing Ray by Vehumet.
  7752 | D:6      | Reached skill level 5 in Dodging
  7760 | D:6      | Reached ** piety under Vehumet
  8110 | D:7      | Reached skill level 5 in Spellcasting
  8110 | D:7      | Reached skill level 8 in Stealth
  8124 | D:7      | Reached skill level 5 in Fighting
  8431 | D:7      | Got a sparkling sapphire amulet
  8847 | D:7      | Found a hazy altar of Hepliaklqana.
  9189 | D:8      | Found a stormy altar of Qazlal.
  9376 | D:8      | Found an iron altar of Okawaru.
  9471 | D:8      | Reached XP level 10. HP: 44/66 MP: 18/18
  9475 | D:8      | Offered knowledge of Frozen Ramparts by Vehumet.
  9840 | D:8      | Found a white marble altar of Elyvilon.
  9852 | D:8      | Reached skill level 9 in Stealth
 10120 | D:9      | Found a glowing silver altar of Zin.
 10444 | D:9      | Found Vuphabip's Weapon Emporium.
 10445 | D:9      | Found a staircase to the Orcish Mines.
 10463 | D:8      | Reached *** piety under Vehumet
 10575 | D:8      | HP: 2/68 [yak (16)]
 10580 | D:8      | Mangled by a yak

Illustrated notes

Levels and vault maps discovered:
D:1:      dpeg_arrival_radiant, layout_basic, minmay_misc_feat_encased,
          minmay_cupped
D:2:      layout_rooms, marbit_many_paths, dk_vineyard_2, uniq_sigmund
D:3:      wad_river_or_something, layout_basic, lemuel_round_altar,
          hangedman_decor_opposing, glass_columns_a, corner_web_ring,
          uniq_jessica, uniq_terence, uniq_crazy_yiuf_cottage
D:4:      layout_basic, cheibrodos_ashenzari_chains, first_ration
D:5:      layout_rooms, minmay_temple_entry_junction,
          chequers_serial_rivers_large_a
D:6:      layout_loops_ring, eat_drink_and_be_merry_uskayaw,
          nemelex_xobeh_ov_fountains_minmay, nicolae_gozag_zags_fifth_avenue,
          minmay_guarded_unrand_staff_of_olgreb
D:7:      layout_loops_ring, grunt_temple_overflow_open, kennysheep_little_box,
          grunt_livestock, minmay_fractal_squares_gapless_5
D:8:      layout_loops_ring, nicolae_qazlal_style_of_elements,
          kennysheep_okawaru_gauntlet, elyvilon_altar_5
D:9:      layout_small_grid, overflow_temple_1_default,
          nicolae_overflow_crystal_walls, orc_david_3, zaba_antful_of_joy
Temple:   jpeg_temple_island

Skill      XL: |  1  2  3  4  5  6  7  8  9 10 |
---------------+-------------------------------+-----
Stealth        | 3 4 5 6 7 8 9 |  9.4
Poison Magic   | 4 5 6 7 8 |  8.4
Fighting       | 1 2 3 4 5 6 |  6.1
Dodging        | 3 4 6 |  6.6
Spellcasting   | 3 4 5 6 |  6.0
Air Magic      | 1 2 3 |  3.0
Conjurations   | 1 3 |  3.0
Transmutations | |  1.5

Action                   |  1- 3 |  4- 6 |  7- 9 | 10-12 || total
-------------------------+-------+-------+-------+-------++-------
Melee: Unarmed           |    16 |    13 |       |       ||    29
       Constrict         |     9 |     6 |    33 |     5 ||    53
       Tentacles         |     1 |     3 |    18 |     1 ||    23
       Mace              |       |    16 |   116 |       ||   132
       Staff             |       |       |    42 |    22 ||    64
 Cast: Sting             |    50 |    96 |   130 |    23 ||   299
       Poisonous Vapours |       |     1 |    36 |     7 ||    44
       Mephitic Cloud    |       |       |     6 |     4 ||    10
       Ignite Poison     |       |       |     2 |     5 ||     7
  Use: Potion            |       |     3 |       |       ||     3
       Scroll            |       |     2 |     2 |       ||     4
 Stab: Sleeping          |       |     1 |     6 |       ||     7
       Distracted        |       |       |     1 |       ||     1
  Eat: Chunk             |     3 |     8 |    14 |     3 ||    28
       Ration            |       |       |     1 |       ||     1
Armor: Skin              |     4 |     2 |    13 |     1 ||    20
Dodge: Dodged            |    15 |    57 |   223 |    32 ||   327
